[Event "Titled Tuesday Blitz November 14 Early 2023"]
[White "Villafane Gomez, Jaime"]
[Black "Aggelis, Nikolaos"]
[WhiteFideId "4426517"]
[BlackFideId "4213220"]
[WhiteElo "1741"]
[BlackElo "2542"]
[Result "0-1"]
[Round "1"]
[TimeControl "180+1"]
[Date "2023.11.14"]
[WhiteClock "0:00:13"]
[BlackClock "0:01:26"]
[Board "239"]

1. e4 c6 2. d4 d5 3. exd5 cxd5 4. c4 Nf6 5. Nc3 g6 6. Nf3 Bg7 7. Qb3 O-O 8. Bg5 dxc4 9. Bxc4 Nc6 10. Rd1 Na5 11. Qb4 Nxc4 12. Qxc4 Bg4 13. Qd3 Qb6 14. Rd2 Bf5 15. Qe3 Qa6 16. Qe2 Qxe2+ 17. Rxe2 e6 18. Rd2 Ne4 19. Nxe4 Bxe4 20. O-O Rfc8 21. Re1 Bd5 22. b3 Bxf3 23. gxf3 Rc3 24. d5 exd5 25. Rxd5 Rxf3 26. Be3 Rf6 27. Bd4 Rf4 28. Bxg7 Kxg7 29. Re7 b6 30. Rdd7 a5 31. Rb7 Rd8 32. Rxb6 Rd2 33. Kf1 Rfxf2+ 34. Ke1 Rxa2 35. Rbb7 Rf5 36. Ra7 Rxh2 37. Reb7 h5 38. Rb8 h4 39. Rba8 Ra2 40. b4 h3 41. Rxa5 Rfxa5 42. bxa5 h2 43. Kf1 h1=Q# 0-1


[Site "https://www.chess.com"]

[Event "Titled Tuesday Blitz November 14 Early 2023"]
[White "Lima, Kleyton Alcantara"]
[Black "dumbernugget"]
[WhiteFideId "22718397"]
[WhiteElo "2542"]
[BlackElo "1712"]
[Result "1-0"]
[Round "1"]
[TimeControl "180+1"]
[Date "2023.11.14"]
[WhiteClock "0:00:37"]
[BlackClock "0:00:04"]
[Board "240"]

1. e4 c5 2. Nf3 d6 3. d4 cxd4 4. Nxd4 Nf6 5. Nc3 g6 6. Be3 Bg7 7. f3 O-O 8. Qd2 Nc6 9. O-O-O d5 10. Nxc6 bxc6 11. Bc4 e6 12. Bb3 Qa5 13. Kb1 Qc7 14. h4 h5 15. g4 a5 16. e5 Nd7 17. gxh5 Nxe5 18. hxg6 fxg6 19. h5 Nxf3 20. Qg2 d4 21. h6 dxc3 22. hxg7 Qxg7 23. Bh6 Qf7 24. Bxf8 Kxf8 25. Rhf1 Nd2+ 26. Rxd2 cxd2 27. Rxf7+ Kxf7 28. Qxd2 Ba6 29. Qd7+ Kf6 30. Qxe6+ 1-0


[Site "https://www.chess.com"]

[Event "Titled Tuesday Blitz November 14 Early 2023"]
[White "Nakamura, Hikaru"]
[Black "Godzwon, Iwo"]
[WhiteFideId "2016192"]
[BlackFideId "21802483"]
[WhiteElo "3329"]
[BlackElo "2673"]
[Result "1-0"]
[Round "2"]
[TimeControl "180+1"]
[Date "2023.11.14"]
[WhiteClock "0:00:17"]
[BlackClock "0:00:05"]
[Board "1"]

1. Nf3 c5 2. b3 Nf6 3. Bb2 e6 4. e3 b6 5. d4 Bb7 6. Bd3 Be7 7. O-O O-O 8. dxc5 bxc5 9. c4 Ne4 10. Qc2 f5 11. Nbd2 Nxd2 12. Nxd2 Nc6 13. Be2 Qc7 14. Rad1 Rad8 15. Bf3 f4 16. a3 fxe3 17. fxe3 Bd6 18. h3 Be5 19. Be4 Bxb2 20. Qxb2 d5 21. Bb1 Qe5 22. Qxe5 Nxe5 23. Rxf8+ Kxf8 24. cxd5 exd5 25. Ne4 c4 26. b4 Ke7 27. Nc3 g6 28. Bc2 Bc6 29. b5 Bb7 30. a4 Ke6 31. a5 Nd7 32. Ne2 Nc5 33. Nd4+ Ke7 34. Kf2 Ne6 35. Ne2 Nc7 36. Nc3 Ke6 37. Be4 Rf8+ 38. Bf3 Ke5 39. Ke2 Rd8 40. Kf2 Ne6 41. Ne2 Nc5 42. Nd4 Nd3+ 43. Kg1 Kd6 44. Be2 Nc5 45. Bxc4 Re8 46. Nc2 Ke5 47. Be2 Nb3 48. a6 Bc8 49. Nb4 Be6 50. Nc6+ Kd6 51. Nxa7 Kc7 52. Nc6 Kb6 53. Nb4 Rc8 54. Nxd5+ Bxd5 55. Rxd5 1-0


[Site "https://www.chess.com"]

[Event "Titled Tuesday Blitz November 14 Early 2023"]
[White "Gubajdullin, Alexei"]
[Black "Dubov, Daniil"]
[WhiteFideId "4141202"]
[BlackFideId "24126055"]
[WhiteElo "2672"]
[BlackElo "3132"]
[Result "0-1"]
[Round "2"]
[TimeControl "180+1"]
[Date "2023.11.14"]
[WhiteClock "0:00:14"]
[BlackClock "0:01:28"]
[Board "2"]

1. d4 Nf6 2. Nf3 g6 3. Bf4 Bg7 4. e3 O-O 5. Be2 d5 6. O-O c5 7. c3 b6 8. Nbd2 Nc6 9. Ne5 Bb7 10. a4 Nd7 11. Nxc6 Bxc6 12. Bb5 Qc8 13. Qf3 e6 14. Qg3 Re8 15. Nf3 Bxb5 16. axb5 a6 17. bxa6 Rxa6 18. h4 Nf6 19. Be5 Ne4 20. Qh2 f6 21. Bc7 Re7 22. Bd6 Rd7 23. Bf4 Rda7 24. Rab1 Ra2 25. h5 g5 26. h6 gxf4 27. hxg7 fxe3 28. fxe3 Rxg7 29. Qh3 Qe8 30. Nh2 Rg3 31. Qh6 Qg6 32. Qxg6+ hxg6 33. Nf3 c4 34. Kh2 g5 35. Ng1 Rxe3 36. Nf3 g4 37. Nh4 Nd2 0-1


[Site "https://www.chess.com"]

[Event "Titled Tuesday Blitz November 14 Early 2023"]
[White "Nihal Sarin"]
[Black "Golubev, Mikhail"]
[WhiteFideId "25092340"]
[BlackFideId "14100983"]
[WhiteElo "3119"]
[BlackElo "2668"]
[Result "1-0"]
[Round "2"]
[TimeControl "180+1"]
[Date "2023.11.14"]
[WhiteClock "0:01:15"]
[BlackClock "0:00:45"]
[Board "3"]

1. e4 c5 2. Nf3 d6 3. Nc3 Nc6 4. Bb5 Bd7 5. O-O Nf6 6. Re1 e5 7. d3 h6 8. h3 Be7 9. a4 O-O 10. Nh2 a6 11. Bc4 Nd4 12. a5 Nc6 13. Nd5 Nxd5 14. Bxd5 Nxa5 15. Qh5 Nc6 16. Bxh6 gxh6 17. Qg6+ Kh8 18. Qxh6+ Kg8 19. Re3 Bh4 20. Nf3 Bf6 21. Ng5 Bxg5 22. Rg3 1-0


[Site "https://www.chess.com"]

[Event "Titled Tuesday Blitz November 14 Early 2023"]
[White "Skliarov, Viktor"]
[Black "Andreikin, Dmitry"]
[WhiteFideId "14106736"]
[BlackFideId "4158814"]
[WhiteElo "2668"]
[BlackElo "3117"]
[Result "0-1"]
[Round "2"]
[TimeControl "180+1"]
[Date "2023.11.14"]
[WhiteClock "0:00:05"]
[BlackClock "0:00:51"]
[Board "4"]

1. e4 c5 2. Nf3 e6 3. d4 cxd4 4. Nxd4 a6 5. Nc3 b5 6. Be2 Bb7 7. O-O Qc7 8. Re1 Bc5 9. Bf3 Ne7 10. Nb3 Ba7 11. e5 O-O 12. a4 b4 13. Ne4 Bxe4 14. Bxe4 Nbc6 15. Be3 Rac8 16. Bxa7 Qxa7 17. Qh5 Ng6 18. Bxg6 fxg6 19. Qh4 Rf5 20. Qg3 Ne7 21. Rad1 Nd5 22. Nd4 Rf7 23. Re4 Rcf8 24. Nf3 Qc5 25. Rd2 b3 26. c3 Qc6 27. h3 Nxc3 28. Rh4 Nd5 29. Ng5 Qc1+ 30. Kh2 Qxd2 31. Rxh7 Qxf2 0-1


[Site "https://www.chess.com"]

[Event "Titled Tuesday Blitz November 14 Early 2023"]
[White "Pranav, V"]
[Black "Papasimakopoulos, Alexandros"]
[WhiteFideId "25060783"]
[BlackFideId "4244125"]
[WhiteElo "3101"]
[BlackElo "2666"]
[Result "1-0"]
[Round "2"]
[TimeControl "180+1"]
[Date "2023.11.14"]
[WhiteClock "0:00:27"]
[BlackClock "0:01:53"]
[Board "5"]

1. Nf3 d5 2. g3 c6 3. Bg2 Nf6 4. O-O Bg4 5. d3 Nbd7 6. Nbd2 e6 7. e4 dxe4 8. dxe4 e5 9. h3 Bxf3 10. Qxf3 Bc5 11. Rd1 Qe7 12. Nc4 O-O 13. Ne3 Bxe3 14. Bxe3 Rfd8 15. Qe2 Nf8 16. Rxd8 Qxd8 17. Rd1 Qa5 18. Qc4 Ne6 19. Kh2 h5 20. Bf3 g5 21. Kg2 a6 22. Rd6 g4 23. hxg4 hxg4 24. Be2 Kg7 25. Rxe6 fxe6 26. Qxe6 Re8 27. Bh6+ Kg6 28. Qf5+ Kf7 29. Bc4+ Ke7 30. Qe6+ Kd8 31. Qxf6+ Kc8 32. Bg5 Kb8 33. Qd6+ Ka8 34. Bf7 Rh8 35. Bf6 Rh7 36. Bg8 Rh6 37. Qf8+ Qd8 1-0


[Site "https://www.chess.com"]

[Event "Titled Tuesday Blitz November 14 Early 2023"]
[White "Borgaonkar Akshay"]
[Black "Duda, Jan-Krzysztof"]
[WhiteFideId "25639110"]
[BlackFideId "1170546"]
[WhiteElo "2664"]
[BlackElo "3099"]
[Result "0-1"]
[Round "2"]
[TimeControl "180+1"]
[Date "2023.11.14"]
[WhiteClock "0:00:19"]
[BlackClock "0:00:12"]
[Board "6"]

1. e4 d5 2. exd5 Qxd5 3. Nc3 Qd8 4. Nf3 Nf6 5. g3 b6 6. Bg2 Bb7 7. O-O g6 8. d4 Bg7 9. Re1 O-O 10. h3 e6 11. Be3 Nbd7 12. Qd2 Re8 13. Rad1 a6 14. Bh6 b5 15. Bxg7 Kxg7 16. a3 Rc8 17. Qe3 c5 18. Ne5 Bxg2 19. Kxg2 cxd4 20. Qxd4 Nxe5 21. Qxe5 Qc7 22. Qxc7 Rxc7 23. Rd6 Ra8 24. Re2 Nd7 25. Na2 Kf8 26. Nb4 a5 27. Na2 Ke7 28. Red2 Ne5 29. b3 Rac8 30. f4 Nd7 31. Kf3 Nf6 32. c3 Nd5 33. Ra6 Nxc3 34. Rxa5 Nxa2 35. Rxa2 Rc3+ 36. Kg4 Rxb3 37. Rd2 Kf6 38. Rg2 Rc4 39. h4 h5+ 40. Kh3 Rxf4 41. Rxb5 Rxh4+ 42. Kxh4 Rxb5 43. Rf2+ Kg7 44. Rf3 Ra5 45. Rb3 Ra4+ 46. Kh3 g5 47. Kg2 Kg6 48. Kf3 h4 49. gxh4 Rxh4 50. Kg3 Ra4 51. Re3 g4 52. Kh4 Kf5 53. Kg3 e5 54. Rb3 Kg5 55. Re3 e4 56. Rb3 f5 57. Kf2 Kf4 58. Kg1 Rc4 59. Kg2 Rc2+ 60. Kg1 Ra2 61. Rc3 g3 62. Kf1 Kg4 63. Kg1 f4 64. Rc8 Ra1+ 65. Rc1 Rxc1+ 0-1


[Site "https://www.chess.com"]

[Event "Titled Tuesday Blitz November 14 Early 2023"]
[White "Skvortsov, Andrei"]
[Black "Firouzja, Alireza"]
[WhiteFideId "24108600"]
[BlackFideId "12573981"]
[WhiteElo "2662"]
[BlackElo "3076"]
[Result "0-1"]
[Round "2"]
[TimeControl "180+1"]
[Date "2023.11.14"]
[WhiteClock "0:00:07"]
[BlackClock "0:00:18"]
[Board "7"]

1. e4 c5 2. d4 cxd4 3. Qxd4 Nc6 4. Qd3 Nf6 5. Nc3 e6 6. Bf4 Bb4 7. O-O-O O-O 8. Nge2 Qa5 9. f3 d5 10. exd5 exd5 11. a3 Bxa3 12. bxa3 Qxa3+ 13. Kb1 Nb4 14. Qd4 Bf5 15. Rd2 Rfc8 16. Bd6 Qb3+ 17. Kc1 Na2+ 18. Kd1 Nxc3+ 19. Nxc3 Qxc3 20. Qxc3 Rxc3 21. Be5 Ra3 22. g4 Bg6 23. h4 Rxf3 24. Bg2 Ra3 25. h5 Be4 26. Bxf6 Bxg2 27. Rxg2 gxf6 28. Kd2 Rc8 29. g5 Rxc2+ 30. Kxc2 Ra2+ 31. Kd3 Rxg2 32. gxf6 Rf2 33. Rb1 b6 34. Rg1+ Kf8 35. Rg7 h6 36. Rh7 Rxf6 37. Rh8+ Kg7 38. Ra8 a5 39. Kd4 Rf5 40. Ra6 Rxh5 41. Rxb6 Rg5 42. Ra6 h5 43. Rxa5 h4 44. Ra3 Rh5 45. Rh3 Kf6 46. Rf3+ Ke6 47. Re3+ Kf5 48. Rf3+ Kg6 49. Rh3 Kg5 50. Rh1 h3 51. Kxd5 Kf4+ 52. Kd4 h2 53. Kd3 Kf3 0-1


[Site "https://www.chess.com"]

[Event "Titled Tuesday Blitz November 14 Early 2023"]
[White "Movahed, Sina"]
[Black "Dowgird, Filip"]
[WhiteFideId "42520835"]
[BlackFideId "1121235"]
[WhiteElo "3076"]
[BlackElo "2661"]
[Result "0-1"]
[Round "2"]
[TimeControl "180+1"]
[Date "2023.11.14"]
[WhiteClock "0:00:08"]
[BlackClock "0:00:09"]
[Board "8"]

1. e4 d6 2. d4 Nf6 3. Nc3 c6 4. f4 Qa5 5. Bd3 e5 6. dxe5 dxe5 7. f5 b5 8. Nf3 b4 9. Ne2 Nbd7 10. h3 Qb6 11. g4 Bc5 12. Rh2 a5 13. Ng3 h6 14. Re2 Ba6 15. Bxa6 Qxa6 16. Qd3 Qa7 17. Be3 O-O-O 18. O-O-O Bxe3+ 19. Qxe3 Qxe3+ 20. Rxe3 Ne8 21. Red3 f6 22. Nh4 Rf8 23. Ng6 Rf7 24. R1d2 Nc7 25. Kd1 Na6 26. Ke2 Nac5 27. Rd6 Kc7 28. Ke3 Nb7 29. Re6 Ndc5 30. Rxd8 Nxd8 31. Re7+ Rxe7 32. Nxe7 Kd7 33. Ng6 Ke8 34. Nh4 Ndb7 35. b3 Nd6 36. Nf3 Nb5 37. Ne2 a4 38. Ne1 axb3 39. axb3 Ke7 40. Nd3 Na6 41. h4 Kd6 42. Ng3 Ke7 43. Kd2 Nd4 44. h5 Nf3+ 45. Ke3 Nd4 46. Kd2 Nf3+ 47. Kc1 Nh2 48. Nf2 Nc5 49. Kd2 Nf3+ 50. Ke3 Nd4 51. Kd2 Nf3+ 52. Kd1 Kd6 53. Nf1 Nd4 54. Nd2 Kc7 55. Nc4 Nf3 56. Nd3 Nxe4 57. Nxb4 Nd4 58. Nd3 Nf3 59. Ne3 Nd4 60. b4 Nc3+ 61. Kc1 Nd5 62. c4 Nxe3 63. c5 Nxg4 64. Kb2 Ne3 65. Nf2 Nexf5 66. Ne4 Ne6 67. Kc3 Ng5 68. Nd2 Ng3 69. Kc4 N3e4 70. Nb3 Ng3 71. b5 cxb5+ 72. Kxb5 Ne6 73. Kc4 Nf5 74. Nd2 Ng3 75. Nb3 Nxh5 76. Kd5 Nhf4+ 77. Ke4 g6 78. Kf3 Kc6 79. Nd2 Kxc5 80. Ne4+ Kd4 81. Nxf6 g5 82. Kg4 h5+ 83. Kf5 g4 84. Nd7 e4 85. Nf6 e3 86. Nxh5 Nxh5 87. Kxg4 e2 88. Kf3 e1=Q 89. Kg4 Qe4+ 90. Kh3 Qf3+ 91. Kh4 Qg2 92. Kxh5 Nf4+ 93. Kh4 Ne6 94. Kh5 Qg5# 0-1


[Site "https://www.chess.com"]

[Event "Titled Tuesday Blitz November 14 Early 2023"]
[White "Yen, William"]
[Black "Le, Tuan Minh"]
[WhiteFideId "30932025"]
[BlackFideId "12401153"]
[WhiteElo "2659"]
[BlackElo "3061"]
[Result "0-1"]
[Round "2"]
[TimeControl "180+1"]
[Date "2023.11.14"]
[WhiteClock "0:00:01"]
[BlackClock "0:00:05"]
[Board "9"]

1. d3 e5 2. Nf3 Nc6 3. g3 g6 4. Bg2 Bg7 5. O-O Nge7 6. c4 O-O 7. Nc3 d6 8. e4 h6 9. h3 Be6 10. Nd5 Qd7 11. Kh2 f5 12. a3 Rf7 13. b4 Raf8 14. b5 Nd8 15. Nh4 Kh7 16. Nxe7 Rxe7 17. exf5 gxf5 18. Ra2 Bf7 19. f4 e4 20. g4 fxg4 21. hxg4 exd3 22. Qxd3+ Kh8 23. g5 Qg4 24. Qg3 Qxg3+ 25. Kxg3 hxg5 26. fxg5 Kg8 27. Rc2 Ne6 28. g6 Be5+ 29. Kg4 Be8 30. Bg5 Nxg5 31. Kxg5 Rxf1 32. Bxf1 Bd4 33. Bd3 Be3+ 34. Kg4 Bd7+ 35. Kf3 Bg5 36. Nf5 Re5 37. Kg4 Bf6 38. Rf2 c6 39. Kg3 Bxf5 40. Rxf5 Re6 41. bxc6 bxc6 42. Kf3 Kg7 43. Be4 Re7 44. Rf4 Rb7 45. Rg4 Rb3+ 46. Ke2 Rxa3 47. Bf5 Ra2+ 48. Kd3 Ra3+ 49. Kc2 Rc3+ 50. Kd2 a5 51. Re4 Rf3 52. Bg4 Rf2+ 53. Re2 Rf4 54. Bd7 Rxc4 55. Be8 a4 56. Bf7 Rd4+ 57. Kc2 a3 58. Rh2 Be5 59. Rh7+ Kf8 60. Rh5 Rg4 61. Rf5 Kg7 62. Kb3 Rg3+ 63. Ka2 Bb2 64. Rf2 d5 65. Rc2 Bc3 66. Kb3 Be5+ 67. Ka2 Bd6 68. Rxc6 Rg2+ 69. Kb1 a2+ 70. Ka1 Be5+ 0-1


[Site "https://www.chess.com"]

[Event "Titled Tuesday Blitz November 14 Early 2023"]
[White "Sadhwani, Raunak"]
[Black "Raahul V S"]
[WhiteFideId "35093487"]
[BlackFideId "25035525"]
[WhiteElo "3060"]
[BlackElo "2658"]
[Result "1-0"]
[Round "2"]
[TimeControl "180+1"]
[Date "2023.11.14"]
[WhiteClock "0:00:18"]
[BlackClock "0:00:08"]
[Board "10"]

1. h3 d5 2. d4 Nf6 3. Nf3 e6 4. Bf4 Bd6 5. e3 O-O 6. Nbd2 Qe7 7. Bd3 Nc6 8. Ne5 Bxe5 9. dxe5 Nd7 10. O-O Ndxe5 11. Bxe5 Nxe5 12. Bxh7+ Kxh7 13. Qh5+ Kg8 14. Qxe5 Qd6 15. Qxd6 cxd6 16. a4 Bd7 17. a5 Bb5 18. Rfc1 Rac8 19. c3 Bc4 20. f4 Rc6 21. Kf2 Rb8 22. g4 Kf8 23. h4 Ke7 24. h5 Bd3 25. Nf3 Rc4 26. Ra3 Rbc8 27. Rd1 Bc2 28. Rc1 Bd3 29. Rd1 Bc2 30. Rda1 Rh8 31. Rc1 Bd3 32. Rb3 Rc7 33. Rh1 Be4 34. Rb4 Kd7 35. Rg1 Bxf3 36. Kxf3 Kc8 37. Rh1 Rc5 38. Ra4 Rb5 39. b4 Kb8 40. g5 a6 41. Raa1 Kc7 42. Rag1 Kd7 43. h6 g6 44. Rc1 Rc8 45. Rc2 Rh8 46. c4 Rxb4 47. cxd5 exd5 48. Rhc1 Rc4 49. Rxc4 dxc4 50. Rxc4 d5 51. Rb4 Kc6 52. Rb6+ Kc5 53. Rxb7 1-0


[Site "https://www.chess.com"]

[Event "Titled Tuesday Blitz November 14 Early 2023"]
[White "Yaran, Siar"]
[Black "Lazavik, Denis"]
[WhiteFideId "6323006"]
[BlackFideId "13515110"]
[WhiteElo "2656"]
[BlackElo "3053"]
[Result "0-1"]
[Round "2"]
[TimeControl "180+1"]
[Date "2023.11.14"]
[WhiteClock "0:00:42"]
[BlackClock "0:02:20"]
[Board "11"]

1. Nf3 d5 2. c4 c6 3. b3 Nf6 4. Bb2 Bf5 5. g3 e6 6. Bg2 h6 7. O-O Be7 8. d3 O-O 9. Nbd2 Bh7 10. Rc1 a5 11. a3 Nbd7 12. Rc2 Re8 13. Qa1 Bf8 14. Rfc1 Qb6 15. Ne5 Nxe5 16. Bxe5 Ng4 17. Bd4 c5 18. Bb2 d4 19. Rb1 e5 20. h3 Nf6 21. Bc1 e4 22. Nxe4 Nxe4 23. dxe4 Bxe4 24. Bxe4 Rxe4 25. Rbb2 Rae8 26. Qa2 h5 27. h4 Qg6 28. Kf1 Bd6 29. Rd2 Qf5 30. Kg2 Rxh4 0-1


[Site "https://www.chess.com"]

[Event "Titled Tuesday Blitz November 14 Early 2023"]
[White "Erdogmus, Yagiz Kaan"]
[Black "Khater, Sherif"]
[WhiteFideId "44599790"]
[BlackFideId "2034280"]
[WhiteElo "3039"]
[BlackElo "2654"]
[Result "1-0"]
[Round "2"]
[TimeControl "180+1"]
[Date "2023.11.14"]
[WhiteClock "0:00:31"]
[BlackClock "0:00:11"]
[Board "12"]

1. e4 a6 2. d4 c6 3. Bd3 d5 4. e5 e6 5. c3 c5 6. Nf3 Nc6 7. O-O h6 8. Nbd2 cxd4 9. cxd4 Nb4 10. Bb1 Bd7 11. a3 Nc6 12. Nb3 b6 13. h4 Na5 14. Nbd2 b5 15. Re1 Ne7 16. h5 Nc4 17. Nf1 Nc6 18. b3 Nb6 19. Bf4 Be7 20. Ne3 a5 21. Bd3 Na7 22. a4 bxa4 23. bxa4 Nc6 24. Re2 Nb4 25. Bb1 Rc8 26. g4 Nc4 27. Ne1 Bg5 28. Bg3 Nxe3 29. fxe3 Qc7 30. Nd3 Nxd3 31. Bxd3 Qc3 32. Bf2 Qb4 33. Be1 Qb6 34. Rb1 Qa7 35. Bc2 Ke7 36. Qd3 Rb8 37. Qa3+ Ke8 38. Rxb8+ Qxb8 39. Bxa5 Be7 40. Qc3 Qb7 41. Bd3 Bxa4 42. Rb2 Qa8 43. Qc7 1-0


[Site "https://www.chess.com"]

[Event "Titled Tuesday Blitz November 14 Early 2023"]
[White "Degenbaev, Aziz"]
[Black "Demchenko, Anton"]
[WhiteFideId "13802640"]
[BlackFideId "4160258"]
[WhiteElo "2650"]
[BlackElo "3026"]
[Result "0-1"]
[Round "2"]
[TimeControl "180+1"]
[Date "2023.11.14"]
[WhiteClock "0:00:51"]
[BlackClock "0:01:54"]
[Board "13"]

1. e4 e5 2. Nf3 Nc6 3. d4 exd4 4. Nxd4 Bc5 5. Nb3 Bb6 6. Nc3 d6 7. Qe2 a5 8. a4 Nb4 9. Bf4 Ne7 10. O-O-O O-O 11. Bg3 Nec6 12. f4 Be6 13. Bf2 Nxc2 14. Kxc2 Nb4+ 15. Kb1 Bxb3 16. Rc1 Bxf2 17. Qxf2 Qd7 18. Bb5 c6 19. Be2 f5 20. e5 dxe5 21. fxe5 f4 22. Qc5 Kh8 23. Bd1 Nd3 0-1


[Site "https://www.chess.com"]

[Event "Titled Tuesday Blitz November 14 Early 2023"]
[White "Martinez Alcantara, Jose Eduardo"]
[Black "Makhnev, Denis"]
[WhiteFideId "3805662"]
[BlackFideId "13707647"]
[WhiteElo "3022"]
[BlackElo "2647"]
[Result "1-0"]
[Round "2"]
[TimeControl "180+1"]
[Date "2023.11.14"]
[WhiteClock "0:00:58"]
[BlackClock "0:00:14"]
[Board "14"]

1. e4 c6 2. d4 d5 3. e5 Bf5 4. h4 Qb6 5. Nc3 h5 6. Na4 Qc7 7. Bd3 Bxd3 8. Qxd3 e6 9. Bg5 Qa5+ 10. Nc3 Nh6 11. Ne2 Nf5 12. Ng3 g6 13. Nxf5 gxf5 14. O-O Nd7 15. Ne2 Be7 16. Nf4 Bxg5 17. hxg5 Nf8 18. c4 Ng6 19. Nxg6 fxg6 20. c5 O-O 21. Rfb1 Qc7 22. b4 b6 23. Rc1 b5 24. a4 a6 25. Ra3 Rab8 26. Rca1 Rb7 27. axb5 axb5 28. Ra6 Rfb8 29. f3 Kg7 30. Kh2 Rc8 31. Qd2 Rh8 32. Kh3 Rf8 33. Kh4 Rh8 34. R1a3 Rf8 35. Qa2 Rfb8 36. R3a5 Kf7 37. Ra8 Ke7 38. R5a6 Kd7 39. Rxb8 Rxb8 40. Ra7 Rb7 41. Ra8 Rb8 42. Ra3 Ke7 43. Kg3 Kd7 44. Kf2 1-0


[Site "https://www.chess.com"]

[Event "Titled Tuesday Blitz November 14 Early 2023"]
[White "Adla, Diego"]
[Black "Terry, Renato"]
[WhiteFideId "100072"]
[BlackFideId "3803457"]
[WhiteElo "2641"]
[BlackElo "3013"]
[Result "0-1"]
[Round "2"]
[TimeControl "180+1"]
[Date "2023.11.14"]
[WhiteClock "0:00:00"]
[BlackClock "0:00:04"]
[Board "15"]

1. c4 e5 2. Nc3 Nc6 3. Nf3 f5 4. g3 Nf6 5. d4 e4 6. Nh4 g6 7. Bg5 Bg7 8. Ng2 h6 9. Bxf6 Qxf6 10. e3 Ne7 11. Nf4 c6 12. d5 d6 13. c5 dxc5 14. d6 Ng8 15. Bc4 Bd7 16. Qb3 O-O-O 17. O-O-O h5 18. Na4 b5 19. Nxc5 Qxb2+ 20. Qxb2 Bxb2+ 21. Kxb2 bxc4 22. Nxg6 Rh7 23. Ne7+ Nxe7 24. dxe7 Rxe7 25. Kc3 Re5 26. Kxc4 Be8 27. Rxd8+ Kxd8 28. Rd1+ Kc7 29. Nb3 Bf7+ 30. Kc3 Bxb3 31. Kxb3 Rb5+ 32. Kc3 Rc5+ 33. Kb3 Rb5+ 34. Kc3 Ra5 35. Kb3 Re5 36. Rd4 a5 37. a4 Rc5 38. Rc4 Rd5 39. Rd4 Re5 40. Kc4 Kb6 41. Rd8 Rc5+ 42. Kd4 Rc2 43. Rh8 Rxf2 44. Rxh5 Ra2 45. h4 Rxa4+ 46. Ke5 Ra3 47. Rxf5 Rxe3 48. Rg5 Re1 49. h5 e3 50. Ke4 a4 51. h6 Rh1 0-1


[Site "https://www.chess.com"]

[Event "Titled Tuesday Blitz November 14 Early 2023"]
[White "Bortnyk, Olexandr"]
[Black "Hilary46"]
[WhiteFideId "14120828"]
[WhiteElo "3013"]
[BlackElo "2640"]
[Result "0-1"]
[Round "2"]
[TimeControl "180+1"]
[Date "2023.11.14"]
[WhiteClock "0:00:00"]
[BlackClock "0:00:06"]
[Board "16"]

1. e4 e5 2. Nf3 Nc6 3. Bb5 a6 4. Ba4 Nf6 5. Nc3 b5 6. Bb3 Bc5 7. Nd5 d6 8. Nxf6+ Qxf6 9. Bd5 Bd7 10. c3 O-O 11. d4 exd4 12. cxd4 Bb4+ 13. Bd2 Rae8 14. O-O Bxd2 15. Qxd2 Ne7 16. Bb3 Ng6 17. e5 dxe5 18. dxe5 Qe7 19. Rfe1 c5 20. h3 Bc6 21. Nh2 c4 22. Bc2 Nxe5 23. Ng4 Qc5 24. b4 cxb3 25. axb3 Nxg4 26. Rxe8 Rxe8 27. hxg4 g6 28. Rxa6 Qd5 29. Qxd5 Bxd5 30. f3 Rc8 31. Bd3 Bxb3 32. Bxb5 Be6 33. Rd6 Kg7 34. Kf2 h6 35. Kg3 Rc2 36. Bc6 Rb2 37. Be4 g5 38. Rc6 Rb4 39. Rc5 Rd4 40. Kf2 Ra4 41. Kg3 Rb4 42. Rc7 Rd4 43. Rb7 Ra4 44. Rb6 Rc4 45. Ra6 Rd4 46. Ra3 Rb4 47. Re3 Rb2 48. Re1 Bc4 49. Bf5 Rb6 50. Re7 Be6 51. Be4 Kf6 52. Re8 Rb2 53. Rh8 Bc4 54. Rxh6+ Ke7 55. Rh1 Kf6 56. Rh6+ Ke7 57. Rh1 Kf6 58. Rc1 Be6 59. Rc6 Rb4 60. Rc5 Ra4 61. Rb5 Rc4 62. Rb8 Rd4 63. Rb2 Ra4 64. Re2 Rd4 65. Kf2 Rb4 66. g3 Ra4 67. Bd3 Ra3 68. Rd2 Ra4 69. Be2 Rb4 70. Rc2 Ra4 71. Rc3 Rb4 72. Rc6 Ra4 73. Ke3 Rb4 74. f4 Rb3+ 75. Kf2 gxf4 76. gxf4 Ke7 77. f5 Bd5 78. f6+ Kd7 79. Ra6 Rb2 80. Ra7+ Ke6 81. g5 Bc4 82. Re7+ Kf5 83. g6 Kxg6 84. Kf3 Rxe2 85. Rc7 Rc2 86. Kf4 Kxf6 87. Rc6+ Ke7 88. Rc7+ Kd6 89. Rc8 Rc1 90. Ke3 Kd5 91. Rd8+ Ke5 92. Rc8 Rc3+ 93. Kf2 Rc2+ 94. Ke3 Rc3+ 95. Kf2 Kd4 96. Ra8 Bd5 97. Ra4+ Ke5 98. Rh4 f5 99. Ke2 f4 100. Rh7 Rc2+ 101. Ke1 Ra2 102. Rh5+ Kd4 103. Rf5 f3 104. Kf1 Be4 0-1


[Site "https://www.chess.com"]

[Event "Titled Tuesday Blitz November 14 Early 2023"]
[White "Pastar, Slaven"]
[Black "Korobov, Anton"]
[WhiteFideId "14402718"]
[BlackFideId "14105730"]
[WhiteElo "2640"]
[BlackElo "3007"]
[Result "0-1"]
[Round "2"]
[TimeControl "180+1"]
[Date "2023.11.14"]
[WhiteClock "0:00:00"]
[BlackClock "0:00:10"]
[Board "17"]

1. b3 d5 2. Bb2 c5 3. Nf3 f6 4. e3 e5 5. d4 cxd4 6. exd4 e4 7. Nfd2 f5 8. c4 Nf6 9. Nc3 Be6 10. cxd5 Nxd5 11. Bc4 Nc6 12. O-O Be7 13. Bxd5 Bxd5 14. Nc4 O-O 15. Nxd5 Qxd5 16. Ne3 Qf7 17. d5 Nb4 18. d6 Rfd8 19. Be5 Bf8 20. a4 Nd3 21. Nc4 Rac8 22. f4 Qe6 23. Ra2 Rxc4 24. bxc4 Bxd6 25. Bxd6 Qxd6 26. Qb3 Qc5+ 27. Kh1 e3 28. Qxb7 Nf2+ 29. Raxf2 exf2 30. Qf3 Rd2 31. h3 h6 32. Kh2 Kh7 33. g3 Qxc4 34. Rxf2 Rxf2+ 35. Qxf2 Qxa4 36. Qc5 Qa2+ 37. Kg1 Qb1+ 38. Kf2 a6 39. g4 Qe4 40. Kg3 fxg4 41. hxg4 Qd3+ 42. Kh4 Qb1 43. f5 Qh1+ 44. Kg3 Qe1+ 45. Kh3 a5 46. Qd6 Qe8 47. Qa6 a4 48. Kh4 Qe7+ 49. Kg3 Qe3+ 50. Kh4 a3 51. Qg6+ Kh8 0-1


[Site "https://www.chess.com"]

[Event "Titled Tuesday Blitz November 14 Early 2023"]
[White "Kamalidenova, Meruert"]
[Black "Muradli, Mahammad"]
[WhiteFideId "13712802"]
[BlackFideId "13409301"]
[WhiteElo "2638"]
[BlackElo "2999"]
[Result "0-1"]
[Round "2"]
[TimeControl "180+1"]
[Date "2023.11.14"]
[WhiteClock "0:00:13"]
[BlackClock "0:00:02"]
[Board "18"]

1. e4 e5 2. Nf3 d6 3. Bc4 Be7 4. O-O Nf6 5. Re1 O-O 6. d4 exd4 7. Nxd4 Nc6 8. Nxc6 bxc6 9. Nc3 Nd7 10. Rb1 Nb6 11. Bf1 Be6 12. b3 Bf6 13. Ne2 Re8 14. c4 Nd7 15. Ng3 c5 16. f4 Bd4+ 17. Be3 Bxe3+ 18. Rxe3 f6 19. Be2 Nb8 20. Bg4 Bf7 21. e5 fxe5 22. fxe5 Nc6 23. e6 Bg6 24. Rb2 Qg5 25. Re1 Ne5 26. Bh3 Nd3 27. Rbe2 Nxe1 28. Rxe1 Re7 29. Bg4 Rf8 30. Bf3 h6 31. a3 Kh7 32. b4 cxb4 33. axb4 a5 34. bxa5 Qxa5 35. h4 Kh8 36. h5 Bh7 37. Bd5 c6 38. Rf1 Rfe8 39. Bf3 Qc5+ 40. Kh1 Rxe6 41. Ne2 Re3 42. Nf4 Qxc4 43. Ng6+ Bxg6 44. hxg6 d5 45. Bg4 Qb4 46. Qa1 Re1 47. Qa6 Rxf1+ 48. Qxf1 Re1 0-1


[Site "https://www.chess.com"]